 Dungeon Crawl Stone Soup version 0.23-a0-586-gacb4b3f (webtiles) character file.

912 Inarius the Skirmisher (level 7, -1/78 HPs)
             Began as a Demonspawn Chaos Knight on Dec 19, 2018.
             Was a Plaything of Xom.
             Killed by divine providence
             ... invoked by an orc priest
              (12 damage)
             ... on level 5 of the Dungeon.
             The game lasted 00:09:05 (6039 turns).

Inarius the Skirmisher (Demonspawn Chaos Knight)    Turns: 6039, Time: 00:09:05

Health: -1/78      AC: 15    Str: 14    XL:     7   Next: 82%
Magic:  8/8        EV:  2    Int: 13    God:    Xom [....*.]
Gold:   294        SH:  0    Dex: 13    Spells: 6/6 levels left

rFire    x . .     SeeInvis .   C - +0 war axe (curse)
rCold    + . .     Gourm    .   (no shield)
rNeg     + + +     Faith    .   (armour currently unavailable)
rPois    +         Spirit   .   (helmet currently unavailable)
rElec    .         Reflect  .   (cloak currently unavailable)
rCorr    .         Harm     .   (gloves currently unavailable)
MR       .....     NoTele   +   (boots currently unavailable)
Stlth    +++.......             (no amulet)
HPRegen  0.23/turn              q - ring of stealth
MPRegen  0.11/turn              e - ring of ice (curse)

@: tree-form, corroded
A: frail 1, MP-powered wands
a: Renounce Religion


You were on level 5 of the Dungeon.
You worshipped Xom.
You were a beloved toy of Xom.
You were not hungry.
You were a tree.
You visited 2 branches of the dungeon, and saw 6 of its levels.
You also visited: Sewer.

You collected 294 gold pieces.

Inventory:

Hand Weapons
 C - a cursed +0 war axe (weapon)
Missiles
 g - 6 silver tomahawks (quivered)
Armour
 b - a +2 leather armour
 m - a +0 chain mail (melded)
 n - a +0 cloak (melded)
Jewellery
 e - a cursed ring of ice (right branch)
 q - a ring of stealth (left branch)
 v - a +2 ring of intelligence
Wands
 y - a wand of iceblast (8)
 A - a wand of polymorph (13)
Scrolls
 d - a scroll of blinking
 j - 3 scrolls of teleportation
 o - 3 scrolls of noise
 u - a scroll of fog {unknown}
 w - a scroll of enchant armour
 x - 2 scrolls of amnesia
Potions
 f - a potion of mutation {unknown}
 h - 2 potions of brilliance
 i - 4 potions of flight
 l - 2 potions of degeneration
 r - a potion of invisibility {unknown}
 z - a potion of might
Comestibles
 c - 12 rations


   Skills:
 * Level 6.0 Fighting
 + Level 4.6 Axes
 + Level 4.1 Armour
 + Level 2.3 Dodging
 - Level 1.8 Stealth
 * Level 2.1 Evocations


You had 6 spell levels left.
You didn't know any spells.
Your spell library was empty.

Dungeon Overview and Level Annotations

Branches:
Dungeon (5/15)             Temple (1/1) D:5

Altars:
Cheibriados
Dithmenos
Fedhas
Okawaru
Sif Muna
Trog
Uskayaw
Zin


Innate Abilities, Weirdness & Mutations

((You have a pair of antennae on your head.))
((You are partially covered in molten scales. (AC +2)))
((Your flesh is heat resistant. (rF+)))
You are frail. (-10% HP)
You expend magic power (3 MP) to strengthen your wands.


Message History

Unknown command.
You barely miss the orc priest.
The orc priest hits you but does no damage.
You feel better.
The orc priest hits you but does no damage.
You hit the orc priest.
The orc priest is lightly wounded.
The orc priest hits you but does no damage.
You hit the orc priest but do no damage.
The orc priest is lightly wounded.
The orc priest hits you but does no damage. x2
You closely miss the orc priest.
The orc priest hits you with a +0 hand axe.
* * * LOW HITPOINT WARNING * * *
You hit the orc priest but do no damage.
The orc priest barely misses you.
You hit the orc priest but do no damage.
The orc priest calls down the wrath of Beogh upon you.
Beogh smites you!
You die...

#.#.#...##......#...##.....##.##
#.#.....##.....##...#.......#.#
##.#..#..#......##...........#.#
............S.####...#.......#.#
####..##.######* #...##)...)##.#
......##.###...#*#.†.###...###.#
###...##.##.....##...# #######.#
.........#.......#†..####......#
###.######......♣o...##......###
#.....##......)#...##.....##
#####.###.....##...#......# #.#
##...#*#........### #.# ####*
########## #.# #.# #####)####***
**#........!,,*


You could see an orc priest.

Vanquished Creatures
  A sky beast (D:5)
  2 ice beasts (D:5)
  2 howler monkeys (D:5)
  A crimson imp (D:5)
  A jelly (D:5)
  4 orc wizards
  A bullfrog skeleton (D:4)
  A centaur skeleton (D:5)
  Terence (D:2)
  An iguana (D:5)
  3 worker ants
  A gnoll (D:1)
  A howler monkey skeleton (D:2)
  5 adders
  A shadow imp (D:5)
  2 oozes (Sewer)
  4 worms
  2 dart slugs (D:3)
  8 leopard geckos
  5 orcs
  13 bats
  3 goblins
  3 hobgoblins
  8 jackals
  A quokka (D:3)
  2 ball pythons
  3 frilled lizards (D:2)
  9 kobolds
  A quokka skeleton (D:4)
  7 rats
97 creatures vanquished.

Vanquished Creatures (collateral kills)
  A worker ant (D:2)
  3 kobolds (D:2)
4 creatures vanquished.

Vanquished Creatures (others)
  A bullfrog skeleton (D:4)
  An adder (D:2)
2 creatures vanquished.

Grand Total: 103 creatures vanquished

Notes
Turn   | Place    | Note
-------+----------+-------------------------------------------
     0 | D:1      | Inarius the Demonspawn Chaos Knight began the quest for the
                  | Orb.
     0 | D:1      | Reached XP level 1. HP: 18/18 MP: 1/1
    39 | D:1      | XOM: silly message
   130 | D:1      | XOM: harmless Chrm miscast
   149 | D:1      | XOM: harmless Necr miscast
   280 | D:1      | XOM: silly message
   384 | D:1      | Reached skill level 1 in Dodging
   384 | D:1      | Gained mutation: You have a pair of small antennae on your
                  | head. [demonic ancestry]
   384 | D:1      | Reached XP level 2. HP: 13/24 MP: 2/2
   755 | D:2      | XOM: summons friendly ufetubus
   761 | D:2      | Reached XP level 3. HP: 21/30 MP: 3/3
   905 | D:2      | Reached skill level 4 in Fighting
  1245 | D:2      | XOM: give mutation
  1245 | D:2      | Gained mutation: You are frail. (-10% HP) [Xom's mischief]
  1249 | D:2      | Noticed Terence
  1256 | D:2      | XOM: chaos upgrade
  1282 | D:2      | Killed Terence
  1282 | D:2      | Reached skill level 1 in Stealth
  1282 | D:2      | Reached XP level 4. HP: 25/33 MP: 4/4
  1583 | D:2      | XOM: cleaving
  1592 | D:2      | XOM: mild Air miscast
  2195 | D:3      | Found an iron altar of Okawaru.
  2433 | D:3      | Gained mutation: You are partially covered in molten
                  | scales. (AC +2) [demonic ancestry]
  2433 | D:3      | Reached XP level 5. HP: 33/38 MP: 5/5
  2503 | D:3      | Found a snail-covered altar of Cheibriados.
  2771 | D:3      | XOM: mild Chrm miscast
  2807 | D:3      | Found a bloodstained altar of Trog.
  2881 | D:4      | Found a glowing drain.
  2898 | Sewer    | Entered a sewer
  3003 | Sewer    | XOM: swap monsters
  3621 | D:4      | XOM: 2-stop teleportation journey
  3651 | D:4      | Reached skill level 5 in Fighting
  3673 | D:4      | Gained mutation: You have a pair of antennae on your head.
                  | [demonic ancestry]
  3673 | D:4      | Reached XP level 6. HP: 23/45 MP: 6/6
  3986 | D:4      | XOM: 3-stop teleportation journey
  4097 | D:4      | XOM: 9-stop teleportation journey
  4226 | D:4      | Reached skill level 1 in Evocations
  4370 | D:4      | XOM: god gift: scroll labeled CISTRI TUECH {god gift}
  4578 | D:5      | Entered Level 5 of the Dungeon
  4659 | D:5      | Found a staircase to the Ecumenical Temple.
  4659 | D:5      | XOM: 7-stop teleportation journey
  4766 | D:5      | XOM: cleaving
  4779 | D:5      | Noticed an ice beast
  4789 | D:5      | XOM: cleaving
  4794 | Temple   | Entered the Ecumenical Temple
  4875 | Temple   | XOM: give mutations
  4875 | Temple   | Gained mutation: You expend magic power (3 MP) to
                  | strengthen your wands. [Xom's grace]
  4875 | Temple   | Gained mutation: Your flesh is heat resistant. (rF+) [Xom's
                  | grace]
  4892 | D:5      | XOM: summons 3 friendly demons
  4897 | D:5      | Killed an ice beast
  4897 | D:5      | Reached XP level 7. HP: 33/50 MP: 7/7
  5026 | D:5      | XOM: divination: magic mapping
  5143 | D:5      | Found a bloodstained altar of Trog.
  5394 | D:5      | XOM: divination: detect items
  5466 | D:5      | XOM: silly message
  5553 | D:5      | XOM: divination: magic mapping
  5666 | D:5      | XOM: divination: detect creatures
  5809 | D:5      | XOM: fake destruction
  5812 | D:5      | XOM: polymorph adder -> bat
  5876 | D:5      | XOM: divination: magic mapping
  5897 | D:5      | XOM: scenery: 2 doors close
  6032 | D:5      | Reached skill level 6 in Fighting
  6039 | D:5      | Killed from afar by an orc priest

Vault maps used:
D:1:      minmay_arrival_stone_box
D:2:      minmay_diamond_boxcup, first_ration, minmay_puff, uniq_terence
D:3:      lemuel_coloured_pillars_altar, kennysheep_slug_shrine, okawaru_trees_1
D:4:      minmay_bubble_buster, cheibrodos_sewer_entry_drain,
          minmay_misc_feat_iff
D:5:      minmay_opposing_rooms, lemuel_doored_altar, minmay_temple_entry_grid,
          serial_bayou_pond_e, hangedman_decor_lopped, trog_book
Temple:   eino_temple_rhombus
Sewer:    sewer_fruit_machine

Skill      XL: |  1  2  3  4  5  6  7 |
---------------+----------------------+-----
Dodging        | 1 2 |  2.3
Armour         | 2 3 4 |  4.1
Fighting       | 4 5 6 |  6.0
Stealth        | 1 |  1.8
Axes           | 3 4 |  4.6
Evocations     | 1 2 |  2.1

Action                   |  1- 3 |  4- 6 |  7- 9 || total
-------------------------+-------+-------+-------++-------
Melee: Hand axe          |    88 |   330 |    68 ||   486
       War axe           |       |       |    32 ||    32
Evoke: Wand              |       |     3 |     1 ||     4
  Use: Potion            |     2 |     4 |     5 ||    11
       Scroll            |       |    10 |     2 ||    12
 Stab: Petrified         |    11 |       |       ||    11
       Petrifying        |     2 |     1 |       ||     3
       Paralysed         |       |     8 |       ||     8
       Distracted        |       |     1 |       ||     1
  Eat: Chunk             |     1 |    12 |     4 ||    17
Armor: Leather armour    |    16 |       |       ||    16
       Chain mail        |    43 |   311 |    73 ||   427
       Skin              |       |       |     6 ||     6
Dodge: Dodged            |    24 |   138 |    42 ||   204

Table legend:
 A = Non-vault XP
 B = Vault XP
 C = Vault XP percentage of total XP
 D = Non-vault monster count
 E = Vault monster count
 F = Vault count percentage of total count
                 A         B        C        D         E       F
            +---------+---------+-------+---------+---------+-------
      Total |     853 |     450 |  34.5 |      59 |      44 |  42.7
            +---------+---------+-------+---------+---------+-------
        D:1 |      23 |       0 |   0.0 |       7 |       0 |   0.0
        D:2 |      89 |      62 |  41.1 |      16 |      14 |  46.7
        D:3 |      35 |       4 |  10.3 |      13 |       1 |   7.1
        D:4 |     218 |      81 |  27.1 |      12 |       6 |  33.3
        D:5 |     488 |     259 |  34.7 |      11 |       6 |  35.3
      Sewer |       0 |      44 | 100.0 |       0 |      17 | 100.0
            +---------+---------+-------+---------+---------+-------
